[Event "Schack-SM 2024: Mastarklassen"]
[Site "Fortnox Arena, Hejaregatan 5, Vaxjo, Sweden"]
[Date "2024.07.06"]
[Round "8.11"]
[White "Ostensson, Julia"]
[Black "Joensson, Oscar"]
[Result "1-0"]
[TimeControl "90 minutes for 40 moves + 30 minutes for the rest of the game + 30 seconds per move from move one."]
[WhiteElo "2004"]
[BlackElo "1989"]

1. e4 c6 2. d4 d5 3. Nc3 dxe4 4. Nxe4 Nf6 5. Nxf6+ exf6 6. c3 Bd6 7. Bd3 O-O 8. Qc2 Re8+ 9.
Ne2 h5 10. Be3 Nd7 11. O-O-O Nf8 12. Kb1 Be6 13. c4 Rc8 14. Nc3 a6 15. c5 Bc7 16. h3 Rb8 17. Be4 Bd5 18. Bxd5 cxd5 19.
Qf5 1-0

[Event "Schack-SM 2024: Mastarklassen"]
[Site "Fortnox Arena, Hejaregatan 5, Vaxjo, Sweden"]
[Date "2024.07.06"]
[Round "8.12"]
[White "Malm, Simon 1995"]
[Black "Carlstrom, Niklas"]
[Result "1/2-1/2"]
[TimeControl "90 minutes for 40 moves + 30 minutes for the rest of the game + 30 seconds per move from move one."]
[WhiteElo "1948"]
[BlackElo "2100"]

1. d4 d5 2. c4 e6 3. Nc3 c5 4. cxd5 exd5 5. Nf3 Nf6 6. Bg5 Be6 7. e4 Be7 8. Bxf6 Bxf6 9. Bb5+ Nc6 10.
O-O O-O 11. exd5 Bxd5 12. dxc5 Bxc3 13. bxc3 Bxf3 14. Qxf3 Rc8 15. Rab1 Qe7 16. Rfe1 Qxc5 17. Bxc6 bxc6 18. Rb7 Rb8 19.
Rc7 Rbc8 20. Rb7 Rb8 21. Rc7 Rbc8 22. Rb7 1/2-1/2

[Event "Schack-SM 2024: Mastarklassen"]
[Site "Fortnox Arena, Hejaregatan 5, Vaxjo, Sweden"]
[Date "2024.07.06"]
[Round "8.13"]
[White "Arvidsson, Jonas"]
[Black "Karlsson, Stefan 2005"]
[Result "1-0"]
[TimeControl "90 minutes for 40 moves + 30 minutes for the rest of the game + 30 seconds per move from move one."]
[WhiteElo "1960"]
[BlackElo "2072"]

1. e4 c5 2. Nf3 d6 3. d4 cxd4 4. Nxd4 Nf6 5. Nc3 Nc6 6. Bg5 e6 7. Qd2 a6 8. O-O-O Bd7 9. f4 Be7 10.
Kb1 Nxd4 11. Qxd4 Bc6 12. Be2 Qa5 13. Bf3 O-O 14. Qe3 Rfd8 15. e5 Bxf3 16. gxf3 dxe5 17. fxe5 Nd5 18. Nxd5 Bxg5 19.
Qxg5 Rxd5 20. f4 Rad8 21. Qg4 Qa4 22. Rxd5 Rxd5 23. Rd1 Rxd1+ 24. Qxd1 h6 25. Qd2 Qe4 26. b3 Kh7 27. Qf2 f6 28.
exf6 gxf6 29. Qg3 b5 30. a3 Qd4 31. h4 a5 32. Qf3 Qd5 33. Qxd5 exd5 34. f5 Kg7 35. Kb2 d4 36. Kc1 Kf7 37.
Kd2 Ke7 38. Kd3 Kd6 39. Kxd4 h5 40. c4 a4 41. bxa4 bxa4 42. c5+ Kc6 43. Kc4 1-0

[Event "Schack-SM 2024: Mastarklassen"]
[Site "Fortnox Arena, Hejaregatan 5, Vaxjo, Sweden"]
[Date "2024.07.05"]
[Round "7.14"]
[White "Arvidsson, Jonas"]
[Black "Karlsson, Jorgen"]
[Result "0-1"]
[TimeControl "90 minutes for 40 moves + 30 minutes for the rest of the game + 30 seconds per move from move one."]
[WhiteElo "1960"]
[BlackElo "2020"]

1. e4 d6 2. d4 g6 3. Nc3 a6 4.
Be3 b5 5. Qd2 Bb7 6. f3 Nd7 7. h4 h6 8. O-O-O Bg7 9. Kb1 c6 10. Nh3 Qc7 11. f4 Nb6 12. h5 gxh5 13. e5 O-O-O 14. Qf2 b4 15. Ne4 dxe5 16. fxe5 Bxe5 17. Bxa6 Nf6 18. Bxb7+ Qxb7 19. dxe5 Nxe4 20. Qf5+ e6 21. Qxe4 Nd5 22.
Bc5 Rhg8 23. Nf4 Rg4 24. g3 Qb5 25. Bd6 Rxd6 26. Nxd5 Rxe4 27. Ne7+ Kd7 28. exd6 Qe2 29. Nxc6 Rc4 30.
Rhf1 Rxc6 31. Rxf7+ Ke8 32. d7+ Kxf7 33. d8=Q Qxc2+ 34. Ka1 Qc1+ 35. Rxc1 Rxc1# 0-1

[Event "Schack-SM 2024: Mastarklassen"]
[Site "Fortnox Arena, Hejaregatan 5, Vaxjo, Sweden"]
[Date "2024.07.05"]
[Round "7.1"]
[White "Mashhadi, Peyman"]
[Black "Muntean, Victor"]
[Result "1-0"]
[TimeControl "90 minutes for 40 moves + 30 minutes for the rest of the game + 30 seconds per move from move one."]
[WhiteElo "2116"]
[BlackElo "2136"]

1. e4 e5 2. Nf3 Nc6 3. Bb5 a6 4. Ba4 Nf6 5. d3 d6 6. c3 Be7 7. O-O h6 8. Nbd2 g5 9. Bxc6+ bxc6 10.
d4 g4 11. dxe5 gxf3 12. exf6 fxg2 13. Re1 Bxf6 14. Qh5 Rg8 15. Nc4 Be6 16. e5 dxe5 17. Nxe5 Qd5 18. c4 Qa5 19. Bd2 Qxd2 20.
Nxf7 Ke7 21. Rad1 Qxd1 22. Qxd1 Kxf7 23. Qh5+ Rg6 24. Rxe6 1-0

[Event "Schack-SM 2024: Mastarklassen"]
[Site "Fortnox Arena, Hejaregatan 5, Vaxjo, Sweden"]
[Date "2024.07.05"]
[Round "7.2"]
[White "Ljung, Harald"]
[Black "Liden, Tommy"]
[Result "1-0"]
[TimeControl "90 minutes for 40 moves + 30 minutes for the rest of the game + 30 seconds per move from move one."]
[WhiteElo "2101"]
[BlackElo "2123"]

1. d4 d5 2. Nf3 e6 3. g3 c6 4. Bg2 Bd6 5. O-O f5 6. c4 Nf6 7. b3 Qe7 8. Bb2 Nbd7 9. Nbd2 Ne4 10.
Ne5 Nxe5 11. dxe5 Bc5 12. Qc2 O-O 13. Rac1 b6 14. e3 a5 15. Nf3 Ba6 16. Nd4 Rac8 17. f3 Ng5 18. f4 Ne4 19.
Bxe4 fxe4 20. g4 b5 21. cxb5 cxb5 22. Qe2 Qa7 23. Rfd1 b4 24. Qf2 Bd3 25. Re1 Qf7 26. Qg3 Qd7 27.
Qh4 Rc7 28. Qg5 Rfc8 29. Rxc5 Rxc5 30. f5 Qf7 31. Nxe6 Rc2 32. Bd4 h6 33. Qh4 Rxa2 34. Nf4 Rcc2 35. e6 Qc7 36. f6 Rxh2 37.
f7+ Kh7 38. Qxh2 Rxh2 39. f8=Q Rh4 40. Qf5+ Kg8 41. Be5 Qa7 42. Ng6 Rh3 43. Qf8+ Kh7 44. Ne7 1-0

[Event "Schack-SM 2024: Mastarklassen"]
[Site "Fortnox Arena, Hejaregatan 5, Vaxjo, Sweden"]
[Date "2024.07.05"]
[Round "7.3"]
[White "Tuomainen, Felix"]
[Black "Mardell, Jimmy"]
[Result "1/2-1/2"]
[TimeControl "90 minutes for 40 moves + 30 minutes for the rest of the game + 30 seconds per move from move one."]
[WhiteTitle "FM"]
[WhiteElo "2255"]
[BlackElo "2186"]

1. d4 d5 2. Nf3 Nf6 3. c4 c6 4. Nc3 dxc4 5. a4 Bf5 6. e3 e6 7. Bxc4 Bb4 8. O-O O-O 9. Bd2 Nbd7 10.
Qe2 Bg6 11. Rfd1 Qe7 12. Bd3 Bf5 13.
Be4 Bxe4 14. Qd3 1/2-1/2

[Event "Schack-SM 2024: Mastarklassen"]
[Site "Fortnox Arena, Hejaregatan 5, Vaxjo, Sweden"]
[Date "2024.07.05"]
[Round "7.4"]
[White "Collett, Peter"]
[Black "Landgren, Andreas"]
[Result "1/2-1/2"]
[TimeControl "90 minutes for 40 moves + 30 minutes for the rest of the game + 30 seconds per move from move one."]
[WhiteTitle "CM"]
[BlackTitle "FM"]
[WhiteElo "2116"]
[BlackElo "2243"]

1. d4 Nf6 2. c4 e6 3. Nc3 Bb4 4. e3 O-O 5. Nge2 Re8 6. a3 Bf8 7. Ng3 d5 8. Be2 b6 9. cxd5 exd5 10.
O-O Bb7 11. b4 g6 12. Bb2 a6 13. Qb3 Nbd7 14. Rad1 h5 15. Bf3 c6 16. Rfe1 Bg7 17. e4 h4 18. Nf1 dxe4 19. Nxe4 Nxe4 20.
Rxe4 Rxe4 21. Bxe4 Nf8 22. d5 cxd5 23. Bxg7 Kxg7 24. Bxd5 Bxd5 25. Qxd5 Qxd5 26. Rxd5 Ne6 27. Rd6 b5 28.
Rb6 Nd4 29. Ne3 Rc8 30. h3 Rc6 1/2-1/2

[Event "Schack-SM 2024: Mastarklassen"]
[Site "Fortnox Arena, Hejaregatan 5, Vaxjo, Sweden"]
[Date "2024.07.05"]
[Round "7.5"]
[White "Joensson, Jacob"]
[Black "Bjorkman, Filip"]
[Result "1-0"]
[TimeControl "90 minutes for 40 moves + 30 minutes for the rest of the game + 30 seconds per move from move one."]
[WhiteElo "2068"]
[BlackElo "2116"]

1. d4 Nf6 2. c4 g6 3. Nc3 d5 4. cxd5 Nxd5 5. e4 Nxc3 6. bxc3 Bg7 7. Bc4 c5 8. Ne2 O-O 9. O-O Nc6 10.
Be3 Bg4 11. f3 Na5 12. Bd3 cxd4 13. cxd4 Be6 14. Rc1 Bxa2 15. Qa4 Be6 16. d5 b6 17. Qa3 Bd7 18. Nd4 Re8 19. Rfd1 e6 20.
dxe6 fxe6 21. Ba6 Qf6 22. Qa2 Kh8 23. Rc7 Red8 24. Rdc1 e5 25. Ne2 Be6 26. Qa4 Bb3 27. Qb5 Bg8 28.
Bb7 Nxb7 29. Rxb7 Rdb8 30. Rxb8 Rxb8 31. Rc7 a6 32. Qxa6 Qd8 33. Qa7 Ra8 34. Qxb6 Qd3 35. Nc1 Ra1 36.
Kf2 Qd8 37. g3 Ra3 38. Rxg7 Qxb6 39. Rxg8+ Kxg8 40. Bxb6 Kf7 41. Ne2 Ke6 42. g4 Ra2 43. Bc5 Ra5 44. Bb4 Ra4 45. Bc3 Ra2 46.
Ke3 Ra4 47. Nc1 Rc4 48. Kd2 Ra4 49. Nd3 1-0

[Event "Schack-SM 2024: Mastarklassen"]
[Site "Fortnox Arena, Hejaregatan 5, Vaxjo, Sweden"]
[Date "2024.07.05"]
[Round "7.6"]
[White "Lind, Jan-Olov"]
[Black "Nygren, David"]
[Result "0-1"]
[TimeControl "90 minutes for 40 moves + 30 minutes for the rest of the game + 30 seconds per move from move one."]
[WhiteElo "2135"]
[BlackElo "2132"]

1. e4 e6 2. d3 d5 3. Nd2 Nf6 4. Ngf3 Be7 5. g3 O-O 6. Bg2 a5 7. O-O a4 8. a3 Nc6 9. Qe2 dxe4 10.
Nxe4 e5 11. Nxf6+ Bxf6 12. h4 h6 13. Qe4 Be6 14. Bd2 Re8 15. Rfe1 Qd7 16. Bc3 Bd5 17. Qe3 Nd4 18. Bxd4 exd4 19.
Qf4 Qc6 20. Rxe8+ Rxe8 21. Re1 Rxe1+ 22. Nxe1 Bxg2 23. Nxg2 Qxc2 24. Qf5 Qc1+ 25. Kh2 Qc6 26. Qc8+ Kh7 27. Nf4 Be7 28. h5 Bd6 29.
Qf5+ Kg8 30. Qc8+ Bf8 31. Qd8 Qd6 32. Qe8 c6 33. Qa8 b5 34. Qe8 Qc5 35. Kg2 Qc2 36. Qc8 Qxb2 37. Qxc6 Qxa3 38.
Qxb5 Qb4 39. Qd5 a3 40. Ng6 Qc5 41. Qa2 Qc6+ 42. Kh2 Qe6 0-1

[Event "Schack-SM 2024: Mastarklassen"]
[Site "Fortnox Arena, Hejaregatan 5, Vaxjo, Sweden"]
[Date "2024.07.05"]
[Round "7.7"]
[White "Walinder, Lars"]
[Black "Willstedt, Lukas"]
[Result "1/2-1/2"]
[TimeControl "90 minutes for 40 moves + 30 minutes for the rest of the game + 30 seconds per move from move one."]
[WhiteTitle "FM"]
[WhiteElo "2233"]
[BlackElo "2082"]

1. c4 e6 2. Nc3 Nf6 3. Nf3 d5 4. e3 Be7 5. b3 O-O 6. Bb2 c5 7. cxd5 exd5 8. d4 Bg4 9. Be2 Nc6 10.
O-O Qd7 11. dxc5 Bxc5 12. Rc1 Be7 13. Nd4 Bxe2 14. Ncxe2 Rac8 15. Nf4 Rfd8 16. Qe2 Ne4 17. Rfd1 Nxd4 18. Bxd4 Bf6 19. Rxc8 Qxc8 20.
Bxf6 Nxf6 21. Qd3 Rd7 22. h3 Qe8 23. Qb5 a6 24. Qc5 Qf8 25. Qc2 h6 26. Rd4 Qd6 27. Qf5 Qc6 28. g4 g6 1/2-1/2

[Event "Schack-SM 2024: Mastarklassen"]
[Site "Fortnox Arena, Hejaregatan 5, Vaxjo, Sweden"]
[Date "2024.07.05"]
[Round "7.8"]
[White "Dingertz, Erik"]
[Black "Lindborg, Patrik"]
[Result "1-0"]
[TimeControl "90 minutes for 40 moves + 30 minutes for the rest of the game + 30 seconds per move from move one."]
[WhiteElo "2081"]
[BlackElo "2162"]

1. d4 Nf6 2. c4 g6 3. Nc3 Bg7 4. e4 d6 5. Nf3 O-O 6. Be2 Bg4 7. Be3 Nfd7 8. Ng1 Bxe2 9. Ngxe2 c5 10.
O-O Nc6 11. Rc1 cxd4 12. Nxd4 Nxd4 13. Bxd4 Bxd4 14. Qxd4 Nf6 15. Nd5 Nxd5 16. exd5 Qa5 17. Rfe1 Rfe8 18. Re3 f6 19. h4 Qb6 20.
Qd2 Qc7 21. h5 g5 22. h6 Qd7 23. Re6 Kf7 24. Rce1 Rg8 25. Rxe7+ Qxe7 26. Rxe7+ Kxe7 27. Qe3+ Kf7 28. Qe4 Rh8 29.
Qe6+ Kg6 30. Qxd6 Rae8 31. Qd7 Kxh6 32. Qxb7 Re4 33. Qf7 Rhe8 34. d6 Re1+ 35. Kh2 R8e4 36. d7 Rh4+ 37. Kg3 Ree4 38.
Qxf6+ Kh5 39. f3 1-0

[Event "Schack-SM 2024: Mastarklassen"]
[Site "Fortnox Arena, Hejaregatan 5, Vaxjo, Sweden"]
[Date "2024.07.05"]
[Round "7.9"]
[White "Johnson, Daniel"]
[Black "Joensson, Oscar"]
[Result "1-0"]
[TimeControl "90 minutes for 40 moves + 30 minutes for the rest of the game + 30 seconds per move from move one."]
[WhiteElo "2126"]
[BlackElo "1989"]

1. d4 d5 2. c4 e6 3. Nc3 Nf6 4. Nf3 a6 5. cxd5 exd5 6. Bg5 Be6 7. e3 Be7 8. Bd3 Nbd7 9. O-O h6 10.
Bh4 O-O 11. Rc1 Nh5 12. Bxe7 Qxe7 13. Ne5 Nxe5 14. dxe5 g6 15. Be2 Qh4 16. Bxh5 Qxh5 17. Qxh5 gxh5 18. Ne2 Rac8 19. b4 c6 20.
Rc3 Rc7 21. Rfc1 Rfc8 22. h4 b6 23. Nf4 c5 24. Nxh5 c4 25. Rd1 Rd8 26. Rd4 Kh8 27. Nf6 b5 28. e4 a5 29. a3 axb4 30.
axb4 Ra7 31. exd5 Ra4 32. Rg3 Bc8 33. e6 1-0

[Event "Schack-SM 2024: Mastarklassen"]
[Site "Fortnox Arena, Hejaregatan 5, Vaxjo, Sweden"]
[Date "2024.07.05"]
[Round "7.10"]
[White "Sundin, Emanuel"]
[Black "Carlstrom, Niklas"]
[Result "1/2-1/2"]
[TimeControl "90 minutes for 40 moves + 30 minutes for the rest of the game + 30 seconds per move from move one."]
[WhiteElo "2165"]
[BlackElo "2100"]

1. e4 e5 2. Nf3 Nc6 3. Bc4 Nf6 4. Ng5 d5 5. exd5 Na5 6. Bb5+ Bd7 7. Qe2 Be7 8. Nf3 O-O 9. Bxd7 Qxd7 10.
Nxe5 Qxd5 11. O-O Bd6 12. Ng4 Nxg4 13. Qxg4 f5 14. Qd1 Qe5 15. f4 Qd4+ 16. Kh1 Bxf4 17. d3 1/2-1/2

[Event "Schack-SM 2024: Mastarklassen"]
[Site "Fortnox Arena, Hejaregatan 5, Vaxjo, Sweden"]
[Date "2024.07.05"]
[Round "7.11"]
[White "Ask, Josef"]
[Black "Malm, Simon 1995"]
[Result "1-0"]
[TimeControl "90 minutes for 40 moves + 30 minutes for the rest of the game + 30 seconds per move from move one."]
[WhiteTitle "FM"]
[WhiteElo "2136"]
[BlackElo "1948"]

1. c4 e6 2. g3 d5 3. Bg2 dxc4 4. Nf3 Nd7 5. Qa4 a6 6. Qxc4 b5 7. Qc2 Bb7 8. O-O Ngf6 9. b3 Be7 10.
Bb2 c5 11. d3 O-O 12. Nbd2 Nd5 13. Ne4 f5 14. Ned2 Nb4 15. Qb1 Bf6 16. Rc1 Rc8 17. a4 Qb6 18. Bxf6 Nxf6 19. Qb2 Rfd8 20.
Qa3 Ra8 21. d4 Bxf3 22. Nxf3 bxa4 23. dxc5 Qa5 24. Qxa4 Qxa4 25. Rxa4 Rab8 26. Ne5 Rdc8 27. Ra5 Nfd5 28. c6 Rc7 29.
Rc4 Rb6 30. Rac5 g6 31. e4 fxe4 32. Bh3 Kg7 33. Bxe6 Ne7 34. Bd7 Nd3 35. Nxd3 exd3 36. Rd4 Rxb3 37. Kg2 a5 38. Be6 Rb6 39. Bd7 Rb3 40. Be8 Rb8 41.
Bd7 Rd8 42. Rxd3 Nxc6 43. Bf5 Rxd3 44. Bxd3 a4 45. Rc3 a3 46. Rxa3 Ne5 47. Be4 Nd7 48. h4 Nf6 49. Bf3 h5 50.
Re3 Rc4 51. Re7+ Kh6 52. Re6 Kg7 53. Re7+ Kh6 54. Rf7 Ng4 55. Bd5 Rd4 56. Bb3 Rd2 57. Be6 Ne5 58. Ra7 Rd6 59. Re7 Nc6 60.
Re8 Kg7 61. Ba2 Kf6 62. Rg8 Rd8 63. Rxd8 Nxd8 64. Kf3 Nc6 65. Ke4 Ne7 66. Bc4 Nf5 67.
Kf4 Nh6 68. Be2 Nf5 69. Bd3 Nd4 70. Ke4 Nf5 71. Kf4 Nd4 72. Bc4 Nf5 73. Ba6 Nd6 74. Bd3 Nf7 75. Bc4 Nd6 76. Bd5 Nf5 77.
f3 Nd6 78. g4 hxg4 79. fxg4 Ne8 80. g5+ Kg7 81. Ke5 Nc7 82. Bc4 Ne8 83. Ke6 Kh7 84. Ke7 Ng7 85. Bd3 Nh5 86. Kf7 Nf4 87.
Be4 Nh3 88. Bxg6 Kh8 89. Kf6 Kg8 90. Bf7+ Kh8 91. g6 Ng5 92. g7+ Kh7 93. g8=Q+ Kh6 94. hxg5 1-0

[Event "Schack-SM 2024: Mastarklassen"]
[Site "Fortnox Arena, Hejaregatan 5, Vaxjo, Sweden"]
[Date "2024.07.05"]
[Round "7.12"]
[White "Karlsson, Stefan 2005"]
[Black "Ostensson, Julia"]
[Result "1/2-1/2"]
[TimeControl "90 minutes for 40 moves + 30 minutes for the rest of the game + 30 seconds per move from move one."]
[WhiteElo "2072"]
[BlackElo "2004"]

1. e4 c5 2. Nf3 e6 3. c3 d5 4. exd5 Qxd5 5. d4 Nf6 6. Na3 a6 7. Nc4 Nbd7 8. Be2 b5 9. Ne3 Qc6 10.
O-O Bb7 11. Re1 Be7 12. a4 O-O 13. axb5 axb5 14. Rxa8 Bxa8 15. dxc5 Bxc5 16. Nd4 Qb7 17. Bf3 Qb6 18. Nb3 Bxf3 19.
Qxf3 Ne5 20. Qe2 Rd8 21. Nxc5 Qxc5 22. Rd1 Rxd1+ 23. Qxd1 h6 24. h3 Nc4 25. Qd8+ Kh7 26. Qd3+ Kg8 27.
Qd8+ Kh7 28. Qd3+ Kg8 1/2-1/2

[Event "Schack-SM 2024: Mastarklassen"]
[Site "Fortnox Arena, Hejaregatan 5, Vaxjo, Sweden"]
[Date "2024.07.04"]
[Round "6.12"]
[White "Willstedt, Lukas"]
[Black "Arvidsson, Jonas"]
[Result "1-0"]
[TimeControl "90 minutes for 40 moves + 30 minutes for the rest of the game + 30 seconds per move from move one."]
[WhiteElo "2082"]
[BlackElo "1960"]

1. d4 Nf6 2. c4 c5 3. d5 b5 4. cxb5 a6 5. e3 axb5 6. Bxb5 Qa5+ 7. Nc3 Ne4 8. Nge2 g6 9. O-O Nxc3 10.
Nxc3 Bg7 11. Bd2 O-O 12. a4 d6 13. e4 Na6 14. Rb1 Bb7 15. Bg5 Qd8 16. Re1 Nc7 17. Bc4 Ba6 18. Bxa6 Nxa6 19.
Nb5 Qd7 20. b3 Rfb8 21. f4 Nc7 22. Nxc7 Qxc7 23. Qe2 h6 24. Bh4 Rb4 25. Bf2 Qb7 26. Qc2 Rb8 27. Bh4 c4 28. a5 Rxb3 29.
Rxb3 Qxb3 30. Rc1 Qxc2 31. Rxc2 Rb1+ 32. Kf2 c3 33. Ke2 Ra1 34. Bxe7 Rg1 35. Bxd6 Rxg2+ 36. Kd3 Rg1 37. e5 f6 38.
Rxc3 fxe5 39. Bxe5 Rd1+ 40. Ke2 Rxd5 41. Rc8+ Kf7 42. Rc7+ Ke6 43. Rxg7 Kf5 44. a6 1-0

[Event "Schack-SM 2024: Mastarklassen"]
[Site "Fortnox Arena, Hejaregatan 5, Vaxjo, Sweden"]
[Date "2024.07.04"]
[Round "6.13"]
[White "Neretljak, Nedzad"]
[Black "Ask, Josef"]
[Result "0-1"]
[TimeControl "90 minutes for 40 moves + 30 minutes for the rest of the game + 30 seconds per move from move one."]
[WhiteTitle "CM"]
[BlackTitle "FM"]
[WhiteElo "2048"]
[BlackElo "2136"]

1. e4 c5 2. Nf3 Nc6 3. b4 cxb4 4. d4 d5 5. exd5 Qxd5 6. c4 bxc3 7. Nxc3 Qa5 8. Bd2 e6 9. Bc4 Bb4 10.
Rc1 Nf6 11. O-O O-O 12. Qe2 Rd8 13. a3 Bxc3 14. Bxc3 Qxa3 15. d5 Nxd5 16. Bb2 Qe7 17. Qe4 a5 18. Qg4 Nf6 19. Qg5 a4 20.
Ba2 a3 21. Ba1 h6 22. Qg3 Ra4 23. Rfd1 Nh5 24. Rxd8+ Qxd8 25. Bf6 Nxg3 0-1

[Event "Schack-SM 2024: Mastarklassen"]
[Site "Fortnox Arena, Hejaregatan 5, Vaxjo, Sweden"]
[Date "2024.07.04"]
[Round "6.14"]
[White "Malm, Simon 1995"]
[Black "Karlsson, Jorgen"]
[Result "1-0"]
[TimeControl "90 minutes for 40 moves + 30 minutes for the rest of the game + 30 seconds per move from move one."]
[WhiteElo "1948"]
[BlackElo "2020"]

1. d4 d6 2. c4 Nd7 3. Nc3 e5 4. d5 f5 5. e4 Ndf6 6. Nge2 g6 7. exf5 gxf5 8. Ng3 h5 9. Be2 h4 10. Nh5 Bh6 11. f4 Qe7 12. O-O e4 13.
Be3 Nxh5 14. Bxh5+ Kf8 15. Be2 Nf6 16. Qe1 Bg7 17. Rd1 c5 18. dxc6 bxc6 19. Qd2 Ne8 20. b4 Qf6 21. Rc1 a6 22.
Rfd1 Bb7 23. b5 c5 24. Nd5 Qf7 25. b6 Rh6 26. Qa5 Rc8 27. Rd2 Kg8 28. Rcd1 Bf8 29. Rb1 Rh7 30. Qc3 Bg7 31.
Qc2 Nf6 32. Rbd1 Rc6 33. Qb3 Nd7 34. a4 Bf8 35. a5 Nf6 36. Nc7 Ne8 37. Nd5 Rc8 38. Bf2 Be7 39. Qh3 Ng7 40. Nxe7+ Qxe7 41.
Rxd6 e3 42. Qxe3 Be4 43. Rd7 Qf6 44. b7 Rb8 45. Qxc5 Qg6 46. Bf1 Ne8 47. Rxh7 Qxh7 48. Qe5 Qxb7 49. Bxh4 1-0

[Event "Schack-SM 2024: Mastarklassen"]
[Site "Fortnox Arena, Hejaregatan 5, Vaxjo, Sweden"]
[Date "2024.07.04"]
[Round "6.1"]
[White "Muntean, Victor"]
[Black "Ljung, Harald"]
[Result "1-0"]
[TimeControl "90 minutes for 40 moves + 30 minutes for the rest of the game + 30 seconds per move from move one."]
[WhiteElo "2136"]
[BlackElo "2101"]

1. e4 c5 2. c3 Nf6 3. e5 Nd5 4.
Na3 Nc6 5. Nf3 e6 6. g3 d6 7. Qe2 dxe5 8. Nxe5 Nxe5 9. Qxe5 Bd7 10. Bg2 Bc6 11. O-O Qf6 12. Qxf6 gxf6 13. Nc2 O-O-O 14. d4 f5 15. c4 Nb4 16. Nxb4 cxb4 17. Bg5 Rd7 18. d5 exd5 19. cxd5 Bb5 20. Rac1+ Kb8 21. Bf4+ Bd6 22. Bxd6+ Rxd6 23.
Rfe1 Rc8 24. f4 Bc4 25. b3 Bd3 26. Rcd1 Bb5 27. Rd2 f6 28. Kf2 b6 29. Re7 Rc7 30. Rxc7 Kxc7 31. Bh3 Bd7 32.
Ke3 Bc8 33. Kd4 a5 34. Re2 Kd8 35. Bg2 Kd7 36. Bf3 Bb7 37. h3 h5 38. Re6 Ba8 39. h4 Bb7 40. Rxd6+ Kxd6 41. Bxh5 Bxd5 42.
Be2 Bc6 43. h5 Ke7 44. Bc4 Kf8 45. h6 Bb7 46. Bd3 Bc8 47. Kd5 Kf7 48. Kc6 Be6 49. Bb5 1-0

[Event "Schack-SM 2024: Mastarklassen"]
[Site "Fortnox Arena, Hejaregatan 5, Vaxjo, Sweden"]
[Date "2024.07.04"]
[Round "6.2"]
[White "Mardell, Jimmy"]
[Black "Mashhadi, Peyman"]
[Result "1/2-1/2"]
[TimeControl "90 minutes for 40 moves + 30 minutes for the rest of the game + 30 seconds per move from move one."]
[WhiteElo "2186"]
[BlackElo "2116"]

1. e4 g6 2. d4 Bg7 3. Nf3 d6 4. Be2 Nf6 5. Nc3 O-O 6. O-O Nc6 7. d5 Nb8 8. h3 a5 9. Bf4 Nbd7 10.
Qd2 Re8 11. Bb5 c6 12. dxc6 bxc6 13. Bxc6 Rb8 14. Rab1 Qc7 15. Ba4 Bb7 16. Rfe1 Red8 17. e5 dxe5 18. Nxe5 Nh5 19. Nxg6 Ne5 20.
Qe3 Nxf4 21. Nxf4 Nc4 22. Qg3 Nxb2 23. Nb5 Qc5 24. Rxb2 Kh8 25. Rbb1 Bc6 26. Qe3 Qc4 27. Nh5 Qxa4 28.
Nxg7 Rg8 29. Nc3 Qxc2 30. Rxb8 Rxb8 31. Nf5 Qxf5 32. Qxe7 Re8 33. Qxe8+ Bxe8 34. Rxe8+ Kg7 35. Re3 Qc2 36.
Rf3 f5 37. g3 Qd2 38. Re3 Kf7 39. Kg2 Qd4 40. Kg1 Qd2 41. Kg2 h6 42. a3 h5 43. h4 Kg6 44. Ne2 Qd5+ 45. Kh2 Qd1 46.
Nf4+ Kg7 47. Kg2 a4 48. Rd3 Qc1 49. Nxh5+ Kh6 50. Nf4 Qc5 51. Re3 Qc6+ 52. Kh2 Qc5 53. h5 Qc1 54. Re6+ Kh7 55. Nh3 Qxa3 56. Ng5+ Kh8 57. Rh6+ Kg7 58.
Rg6+ Kh8 59. Nf7+ Kh7 60. Ng5+ Kh8 1/2-1/2

[Event "Schack-SM 2024: Mastarklassen"]
[Site "Fortnox Arena, Hejaregatan 5, Vaxjo, Sweden"]
[Date "2024.07.04"]
[Round "6.3"]
[White "Liden, Tommy"]
[Black "Tuomainen, Felix"]
[Result "1/2-1/2"]
[TimeControl "90 minutes for 40 moves + 30 minutes for the rest of the game + 30 seconds per move from move one."]
[BlackTitle "FM"]
[WhiteElo "2123"]
[BlackElo "2255"]

1. e4 e5 2. Nf3 Nc6 3. Bc4 Nf6 4.
d3 h6 5.
O-O d6 6. a4 g5 7. Re1 g4 8. Nfd2 h5 9. Nf1 h4 10. Bg5 Rh5 11. Be3 Ne7 12. Nc3 Ng6 13. d4 Bg7 14. a5 a6 15.
Ra3 Kf8 16. Be2 exd4 17. Qxd4 Nd5 18. Qd1 Nxe3 19. Nxe3 Rg5 20. Bxg4 Be6 21. Bf5 Be5 22. Qf3 Kg7 23. Ng4 Qe7 24.
Rd1 h3 25. g3 Re8 26. Nd5 Bxd5 27. Rxd5 c6 28. Rd1 Bxb2 29. Rb3 Be5 30.
Rdb1 Rb8 31. Qe3 Rh5 32. f4 Bf6 33. Nxf6 Qxf6 34. Qa7 Rhh8 35. Bxg6 Kxg6 36. f5+ Kg7 37. Rxb7 Rxb7 38. Rxb7 c5 39.
e5 Qxf5 40. Qxa6 Qxe5 41. Qf1 Qd4+ 42. Qf2 Qd1+ 43. Qf1 Qd5 44. Rb1 Rh6 45. Rd1 Qe4 46. Rd2 Rf6 47. Rf2 Rxf2 48. Qxf2 Qa4 49.
Qd2 Qa1+ 50. Kf2 Qf6+ 51. Qf4 Qc3 52. Qg5+ Kf8 53. Qh6+ Kg8 54. Qg5+ 1/2-1/2

[Event "Schack-SM 2024: Mastarklassen"]
[Site "Fortnox Arena, Hejaregatan 5, Vaxjo, Sweden"]
[Date "2024.07.04"]
[Round "6.4"]
[White "Bjorkman, Filip"]
[Black "Collett, Peter"]
[Result "1/2-1/2"]
[TimeControl "90 minutes for 40 moves + 30 minutes for the rest of the game + 30 seconds per move from move one."]
[BlackTitle "CM"]
[WhiteElo "2116"]
[BlackElo "2116"]

1. e4 e5 2. Nf3 Nc6 3. Bc4 Bc5 4. c3 Nf6 5. d4 exd4 6. e5 d5 7. Bb5 Ne4 8. cxd4 Bb6 9. Nc3 O-O 10. Be3 Bg4 11. h3 Bh5 12. Qc2 Bg6 13.
Qb3 Ne7 14. O-O c6 15. Bd3 Nd2 16. Nxd2 Bf5 17. Be4 Bxe4 18. Rfe1 Bf5 19. Na4 Ng6 20. g4 Bc8 21. Nxb6 axb6 22.
f4 Bxg4 23. hxg4 Qh4 24. Qd1 Qg3+ 25. Kf1 Qh3+ 26. Kg1 1/2-1/2

[Event "Schack-SM 2024: Mastarklassen"]
[Site "Fortnox Arena, Hejaregatan 5, Vaxjo, Sweden"]
[Date "2024.07.04"]
[Round "6.5"]
[White "Landgren, Andreas"]
[Black "Dingertz, Erik"]
[Result "1-0"]
[TimeControl "90 minutes for 40 moves + 30 minutes for the rest of the game + 30 seconds per move from move one."]
[WhiteTitle "FM"]
[WhiteElo "2243"]
[BlackElo "2081"]

1. d4 Nf6 2. c4 e6 3. Nf3 d5 4. Nc3 dxc4 5. e4 Bb4 6. Bxc4 Nxe4 7. O-O Nxc3 8. bxc3 Be7 9. Ne5 O-O 10.
Qg4 Nc6 11. Re1 f5 12. Qf3 Nxe5 13. Rxe5 Kh8 14. Bf4 Bd6 15. Re2 Bxf4 16. Qxf4 Qd6 17. Qf3 Bd7 18. Qxb7 Bc6 19. Qa6 Rf6 20.
Rae1 Rg6 21. g3 Be4 22. Qxd6 cxd6 23. f3 Bxf3 24. Rxe6 Rxe6 25. Rxe6 h6 26. Rxd6 Be4 27. Bf7 g5 28.
Bb3 a5 29. Bd5 Rc8 30. Bxe4 fxe4 31. Rxh6+ Kg7 32. Ra6 a4 33. Rxa4 Rxc3 34. Ra5 Kf6 35. Re5 e3 36. Kf1 Ra3 37.
Ke2 Rxa2+ 38. Kxe3 Rxh2 39. Kd3 Rf2 40. Re3 g4 41. d5 Rf1 42. Kd4 Kf7 43. d6 Kf8 44. d7 Rd1+ 45. Rd3 Rxd3+ 46. Kxd3 Ke7 47. Ke4 Kxd7 48. Kf5 Ke7 49. Kxg4 Kf6 50. Kh5 1-0